AoeStats
← DaffySpace6253

Black Forest

510721108Analyzed
2v2 RM · 17h ago on Oct 2, 2026· 50m 11s· 4 players
Game mode
Random Map
Map size
Medium (4 player)
Population
200
Speed
Normal
Resources
Standard
Victory
Conquest
Starting age
Dark Age
Ending age
Imperial Age
RankedLock teamsTeams togetherTeam positionsShared explorationLock speedFull tech treeHidden civsTurbo modeCheats
Victory
Defeat
🇮🇹 Bohemians · Italy
922
+10
🇮🇹 Teutons · Italy
921
+10
🇦🇷 Huns · Argentina
791
-15
🇦🇷 Franks · Argentina
755
-9
jackylk620141760
11:48 Feudal Age
11:06 Loom
16:31 Castle Age
15:45 Double-Bit Axe
21:21 Stone Mining
23:04 Bow Saw
24:10 Town Watch
28:05 Town Patrol
34:56 Imperial Age
33:30 Wheelbarrow
32:54 Gold Mining
35:13 Hand Cart
37:04 Cavalier
41:15 Paladin
ITZY.ThePig
13:16 Feudal Age
13:56 Double-Bit Axe
13:54 Horse Collar
14:09 Gold Mining
14:33 Stone Mining
16:04 Wheelbarrow
19:41 Castle Age
19:00 Scale Barding Armor
19:06 Forging
19:30 Bloodlines
22:09 Husbandry
22:32 Chain Barding Armor
23:57 Bow Saw
24:29 Iron Casting
26:29 Hand Cart
26:34 Heavy Plow
27:18 Gold Shaft Mining
34:17 Imperial Age
35:15 Cavalier
36:32 Plate Barding Armor
36:57 Blast Furnace
39:22 Paladin
40:42 Atheism
40:45 Conscription
Robyht
0:30 Loom
13:08 Feudal Age
14:24 Town Watch
19:26 Castle Age
18:37 Horse Collar
19:17 Stone Mining
21:19 Wheelbarrow
21:01 Double-Bit Axe
24:31 Stone Shaft Mining
24:18 Heavy Plow
28:40 Fortified Wall
28:02 Pikeman
34:43 Imperial Age
33:44 Ballistics
34:32 Caravan
35:04 Hand Cart
36:07 Crenellations
37:15 Chemistry
38:16 Crop Rotation
38:14 Scale Mail Armor
38:24 Forging
38:33 Halberdier
40:59 Chain Mail Armor
41:20 Iron Casting
40:58 Arson
41:14 Squires
40:59 Gambesons
42:34 Iron Casting
43:23 Plate Mail Armor
45:37 Blast Furnace
45:17 Conscription
DaffySpace6253
0:36 Loom
13:42 Feudal Age
17:52 Castle Age
16:26 Double-Bit Axe
19:50 Horse Collar
21:35 Heavy Plow
23:20 Wheelbarrow
27:26 Hand Cart
27:16 Caravan
28:16 Bow Saw
32:11 Imperial Age
29:47 Town Watch
30:54 Pikeman
31:52 Forging
31:43 Scale Mail Armor
31:45 Town Patrol
33:26 Halberdier
35:20 Two-Man Saw
37:22 Chemistry
36:43 Ballistics
39:34 Fortified Wall
41:30 Iron Casting
41:10 Chain Mail Armor
42:49 Conscription
Connection lost

Rejoining the realm…

Still unreachable

The connection could not be restored.

Session expired

The server has moved on; the page needs a fresh start.